 Dungeon Crawl Stone Soup version 0.31.0-11-ge490571c62 (webtiles) character file.

Game seed: 5206597410711473290

28 qw the Shooter (level 2, -3/16 HPs)
             Began as a Deep Elf Hunter on Feb 4, 2024.
             Slain by a ribbon worm (5 damage)
             ... on level 1 of the Dungeon.
             The game lasted 00:00:03 (910 turns).

qw the Shooter (Deep Elf Hunter)                     Turns: 910, Time: 00:00:03

Health: -3/16      AC:  6    Str:  8    XL:     2   Next: 96%
Magic:  4/4        EV: 10    Int: 13    God:
Gold:   29         SH:  0    Dex: 18    Spells: 1/1 levels left

rFire   + . .        k - +0 orcbow
rCold   + . .        (shield currently unavailable)
rNeg    . . .        h - +1 ring mail
rPois   .            (no helmet)
rElec   .            g - scarf {rC+ rF+}
rCorr   .            (no gloves)
SInv    .            (no boots)
Will    .....        (no amulet)
Stlth   +            (no ring)
HPRegen 0.22/turn    (no ring)
MPRegen 0.09/turn

%: no passive effects
@: no status effects
A: no striking features
a: no special abilities


You were on level 1 of the Dungeon.
You visited 1 branch of the dungeon, and saw 2 of its levels.

You collected 29 gold pieces.


   Skills:
 - Level 1.5 Fighting
 + Level 6.6 Ranged Weapons
 - Level 2.4 Dodging
 - Level 1.2 Stealth


You had one spell level left.
You didn't know any spells.
Your spell library was empty.

Inventory:

Hand Weapons
 k - a +0 orcbow (weapon)
Armour
 g - a scarf of resistance (worn)
 h - a +1 ring mail (worn)
Potions
 e - 2 potions of curing
 i - a potion of haste

Dungeon Overview and Level Annotations

Branches:
Dungeon (2/15)

Altars:


Message History

You kill the bat!
The ribbon worm expels a string of sticky webbing.
The stream of webbing hits you but does no damage.
You are caught in a web!
The ribbon worm bites you.
You shoot an arrow.
The arrow barely misses the ribbon worm.
The ribbon worm barely misses you.
You shoot an arrow. The arrow hits the ribbon worm!
The ribbon worm is moderately wounded.
The ribbon worm bites you.
You shoot an arrow. The arrow hits the ribbon worm.
The ribbon worm is heavily wounded.
The ribbon worm expels a string of sticky webbing.
The stream of webbing hits you but does no damage.
You are caught in a web!
The ribbon worm bites you but does no damage.
You shoot an arrow. The arrow hits the ribbon worm.
The ribbon worm is heavily wounded.
The ribbon worm bites you.
You shoot an arrow.
The arrow barely misses the ribbon worm.
The ribbon worm expels a string of sticky webbing.
The stream of webbing hits you but does no damage.
You are caught in a web!
The ribbon worm closely misses you.
You shoot an arrow. The arrow hits the ribbon worm.
The ribbon worm is moderately wounded.
The ribbon worm bites you but does no damage.
You shoot an arrow. The arrow hits the ribbon worm!
The ribbon worm is severely wounded.
The ribbon worm bites you.
You shoot an arrow.
The arrow hits the ribbon worm but does no damage.
The ribbon worm is severely wounded.
The ribbon worm bites you but does no damage.
You shoot an arrow. The arrow hits the ribbon worm.
The ribbon worm is severely wounded.
The ribbon worm bites you.
You die...

#.............###.#.## #...#
#.#%#.##.####)###.#.####.^##
#.#.#.##.# #.# #.........#
#.#.#.##.# #.# ###.#####.#
#.#.#....# #.# #.# #.#
#.#.####.# #.# #.# #.# #.#.#
#.# #.# #.# #.# ####.#.# #.#
##.# #.# #.# ....[#.# #.#
#w@# #.### #.# ######.####.#
#%## #...# #.# #......# #.#
###.# #.## ######## #.# #.#
#..# #.# #.# ##.# #.# #.#
#.# #.# #####.# #.# #.#
#.....# #.# #.# #.##### #.#


You could see a ribbon worm.

Vanquished Creatures
  5 bats
  A giant cockroach (D:1)
  4 goblins (D:1)
  4 hobgoblins (D:1)
  3 jackals (D:1)
  3 frilled lizards (D:1)
  2 kobolds (D:1)
22 creatures vanquished.

Notes
Turn   | Place    | Note
-------+----------+-------------------------------------------
     0 | D:1      | qw the Deep Elf Hunter began the quest for the Orb.
     0 | D:1      | Reached XP level 1. HP: 12/12 MP: 3/3
     0 | D:1      | 0 ||| qw: Version: 0.3-a-160-g6735b56
     0 | D:1      | 0 ||| qw: Game counter: 4763
     0 | D:1      | 0 ||| qw: Melee chars always use a shield: true
     0 | D:1      | 0 ||| qw: God list: Okawaru
     0 | D:1      | 0 ||| qw: Allow faded altars: false
     0 | D:1      | 0 ||| qw: Do Orc after clearing Dungeon:15 true
     0 | D:1      | 0 ||| qw: Do second Lair branch before Depths: true
     0 | D:1      | 0 ||| qw: Lair rune preference: random
     0 | D:1      | 0 ||| qw: Goals: Normal
     0 | D:1      | 0 ||| PLANNING D:1-11
   337 | D:1      | Reached skill level 6 in Ranged Weapons
   337 | D:1      | Reached XP level 2. HP: 16/16 MP: 4/4
   705 | D:1      | 705 ||| SWAPPING to +0 orcbow.
   706 | D:1      | 706 ||| DROPPING +0 shortbow.
   779 | D:1      | 779 ||| UPGRADING to scarf of resistance.
   784 | D:1      | 784 ||| UPGRADING to +0 ring mail.
   794 | D:1      | 794 ||| DROPPING +0 leather armour.
   795 | D:1      | 795 ||| READING scroll labelled HAOFAPTEMOTS.
   795 | D:1      | 795 ||| IDENTIFYING dark potion
   796 | D:1      | 796 ||| READING scroll labelled KAASOE TIOQOYNAE.
   797 | D:1      | 797 ||| READING scroll labelled WAECAN WIWUN.
   800 | D:1      | 800 ||| READING scroll labelled TIFUYSS VOPPEHOL.
   800 | D:1      | 800 ||| ENCHANTING +0 ring mail.
   801 | D:1      | 801 ||| DRINKING 3 yellow potions.
   802 | D:1      | 802 ||| DROPPING scroll of butterflies.
   849 | D:2      | 849 ||| STAIRDANCE
   892 | D:2      | 892 ||| STAIRDANCE
   904 | D:1      | HP: 4/16 [ribbon worm (2)]
   908 | D:1      | HP: 1/16 [ribbon worm (4)]
   910 | D:1      | Slain by a ribbon worm

Levels and vault maps discovered:
D:1:      dpeg_arrival_renting, layout_loops_ring, hangedman_feature_mirror
D:2:      layout_basic, shapermc_ecumenical_altar_venn, minmay_3d_cube

Skill      XL: |  1 |
---------------+----+-----
Ranged Weapons | 6 |  6.6
Fighting       | |  1.5
Dodging        | |  2.4
Stealth        | |  1.2

Action                     || total
---------------------------++-------
   Fire: Shortbow          ||    50
         Orcbow            ||    31
    Use: Scroll            ||     4
         Potion            ||     1
 Armour: Leather armour    ||    10
         Ring mail         ||    32
  Dodge: Dodged            ||    31

Table legend:
 A = Non-vault XP
 B = Vault XP
 C = Vault XP percentage of total XP
 D = Non-vault monster count
 E = Vault monster count
 F = Vault count percentage of total count
                 A         B        C        D         E       F
            +---------+---------+-------+---------+---------+-------
      Total |      36 |       4 |  10.0 |      20 |       2 |   9.1
            +---------+---------+-------+---------+---------+-------
        D:1 |      32 |       4 |  11.1 |      18 |       2 |  10.0
        D:2 |       4 |       0 |   0.0 |       2 |       0 |   0.0
            +---------+---------+-------+---------+---------+-------
